 Dungeon Sprint DCSS version 0.31-a0-716-gc7603755dd (webtiles) character file.

Game seed: 10368573521820130761

17 rocky1 the Ducker (level 2, 0/24 HPs)
             Began as a Djinni Gladiator on Sept 11, 2023.
             Slain by a human (1 damage)
             ... in the Dungeon (Sprint III: "The Ten Rune Challenge").
             The game lasted 00:00:26 (241 turns).

rocky1 the Ducker (Djinni Gladiator)                 Turns: 241, Time: 00:00:27

Health: 0/24       AC:  4    Str: 13    XL:     2   Next: 80%
Gold:   18         EV: 13    Int:  9    God:
                   SH:  0    Dex: 14

rFire   + + .        a - +0 long sword
rCold   x . .        (no shield)
rNeg    . . .        b - +0 leather armour
rPois   ∞            c - +0 helmet
rElec   .            (no cloak)
rCorr   .            (no gloves)
SInv    .            (boots unavailable)
Will    .....        (no amulet)
Stlth   +            (no ring)
HPRegen 0.24/turn    (no ring)
MPRegen 0.00/turn

%: no teleportation, infuse magic (-1 HP)
@: flying
A: sickness immunity, fire resistance 2, cold vulnerability 1, float, innate
caster, HP casting, extra vitality 1
a: no special abilities


You were in the Dungeon.
You visited 1 branch You collected 18 gold pieces.

Inventory:

Hand Weapons
 a - a +0 long sword (weapon)
Missiles
 e - a javelin
Armour
 b - a +0 leather armour (worn)
 c - a +0 helmet (worn)
Scrolls
 j - a scroll of blinking
 k - 4 scrolls of identify
 m - a scroll of torment {unknown}
 o - a scroll of immolation {unknown}
Potions
 f - a potion of curing
 g - a potion of heal wounds
 h - a potion of haste
 i - a potion of berserk rage
 l - 5 potions of mutation {unknown}
 n - 4 potions of enlightenment


   Skills:
 + Level 2.5 Fighting
 + Level 3.9 Long Blades
 + Level 2.0 Throwing
 + Level 0.3 Armour
 + Level 4.5 Dodging You didn't know any spells. Your spell library was empty.

Dungeon Overview and Level Annotations

Branches:
Dungeon (1/1)

Altars:


Innate Abilities, Weirdness & Mutations

You are immune to sickness and miasma.
You are immune to poison.
Your flesh is very heat resistant. (rF++)
You are vulnerable to cold. (rC-)
You float through the air rather than walking.
You learn spells naturally, not from books.
Your magical power is your life essence.
You have superior vitality. (+4 MHP)


Message History

The human is caught in the net!
The human is heavily wounded.
You hear a splash.
The human struggles against the net.
You completely miss the human.
The human is heavily wounded.
The human struggles against the net.
You hit the human but do no damage. You punch the human, but do no damage.
The human is heavily wounded.
You hit the human but do no damage.
The human is heavily wounded.
The human struggles against the net.
You hit the human but do no damage.
The human is heavily wounded.
The human struggles against the net.
You barely miss the human.
The human is heavily wounded.
The human struggles against the net.
The net rips apart, and the human comes free!
You closely miss the human.
The human is heavily wounded.
You hit the human.
The human is heavily wounded.
The human misses you. x2
Throw: 2 throwing nets
Press: ? - help, Q - select action, (/) - cycle Shift-Dir - straight line, f/p - human
Aim: a human (heavily wounded, 46% to hit)
You throw a throwing net.
The throwing net barely misses the human.
Unknown command.
Throw: throwing net
Press: ? - help, Q - select action, (/) - cycle Shift-Dir - straight line, f/p - human
Aim: a human (heavily wounded, 46% to hit)
You throw a throwing net. The throwing net misses the human.
The human hits you.
* * * LOW HITPOINT WARNING * * *
You hit the human.
The human is heavily wounded.
The human misses you. The human hits you.
You die...

▓▓▓▓▓▓▓▓▓▓▓▓▓
▓<.#..'...♣.♣
▓..#..#.....♣♣ #
▓#'####....♣(♣ .#
▓.....#....~.♣♣ ..#
▓....†#...~~..♣...#
▓....)#..~~~p.....+
▓####'#..~≈≈@~~.♣
▓.....#.~~≈~~~....#
▓.....#.~≈~~~.....#
▓.....#.~~~.......#
▓'#####...........#
▓.................#
▓▓▓▓▓▓▓▓▓▓▓▓▓▓▓▓▓▓▓


You could see a human.

Vanquished Creatures
  A wolf (D)
  An endoplasm (D)
  3 rats (D)
5 creatures vanquished.

Notes
Turn   | Place    | Note
-------+----------+-------------------------------------------
     0 | D        | rocky1 the Djinni Gladiator began the quest for the Orb.
     0 | D        | Reached XP level 1. HP: 18/18 MP: 0/0
    37 | D        | Noticed a wolf
    43 | D        | Killed a wolf
    44 | D        | Reached skill level 4 in Dodging
    44 | D        | Reached XP level 2. HP: 14/24 MP: 0/0
   230 | D        | HP: 1/24 [human (4)]
   240 | D        | HP: 1/24 [human (2)]
   241 | D        | Slain by a human

Illustrated notes

Levels and vault maps discovered:
D:        dungeon_sprint_mu [sprint_mu_entry_forest, sprint_mu_temple_rooms,
          sprint_mu_d1_horrors, sprint_mu_d2_genie, sprint_mu_d3_branching,
          sprint_mu_orc_legion, sprint_mu_elf_gauntlet, sprint_mu_hive_nellie,
          sprint_mu_lair_fedhas, sprint_mu_vaults_butterflies,
          sprint_mu_slime_circle, sprint_mu_swamp_cave, sprint_mu_snake_twists,
          sprint_mu_blade_basic, sprint_mu_crypt_chambers,
          sprint_mu_tomb_spiral, sprint_mu_vestibule_basic,
          sprint_mu_gehenna_hellfire, sprint_mu_dis_giant,
          sprint_mu_tartarus_statrot, sprint_mu_cocytus_islands, sprint_mu_zot1]

Skill      XL: |  1 |
---------------+----+-----
Long Blades    | 3 |  3.9
Throwing       | 2 |  2.0
Dodging        | 4 |  4.5
Fighting       | |  2.5
Armour         | |  0.3

Action                     || total
---------------------------++-------
  Melee: Long sword        ||    36
         Punch             ||     1
  Throw: Throwing net      ||     3
   Stab: Sleeping          ||     1
 Armour: Leather armour    ||    19
  Dodge: Dodged            ||    18

Table legend: (Time is in decaauts)
 A = Elapsed time spent in this place.
 B = Non-inter-level travel time spent in this place.
 C = Inter-level travel time spent in this place.
 D = Time resting spent in this place.
 E = Time spent auto-exploring this place.
 F = Levels seen in this place.
 G = Mean time per level.
                   A        B        C        D        E       F      G
               +--------+--------+--------+--------+--------+-----+--------+
         Total |    248 |    248 |      0 |    141 |      1 |   1 |  248.0 |
       Dungeon |    248 |    248 |      0 |    141 |      1 |   1 |  248.0 |
               +--------+--------+--------+--------+--------+-----+--------+

Top non-repeatable levels by time:
       D: 248 daAuts
